 Dungeon Crawl Stone Soup version 0.21.1 (webtiles) character file.

6694 shakethe the Blocker (level 11, -4/60 HPs)
             Began as a Tengu Berserker on Feb 4, 2018.
             Was a High Priest of Trog.
             Shot with an arrow by a centaur (12 damage)
             ... on level 11 of the Dungeon.
             The game lasted 00:50:30 (11051 turns).

shakethe the Blocker (Tengu Berserker)             Turns: 11051, Time: 00:50:30

Health: -4/60      AC:  7    Str: 19    XL:     11   Next: 3%
Magic:  4/4        EV: 11    Int:  7    God:    Trog [*****.]
Gold:   629        SH: 14    Dex: 16    Spells: 10/10 levels left

rFire    + . .     SeeInvis .   b - +2 morningstar (antimagic)
rCold    . . .     Gourm    .   w - +0 shield
rNeg     + . .     Faith    .   r - +3 ring mail {rF+}
rPois    +         Spirit   .   (helmet restricted)
rElec    .         Reflect  .   (no cloak)
rCorr    .         Harm     .   f - +2 pair of gloves
MR       .....                  (boots unavailable)
Stlth    +.........             (no amulet)
HPRegen  0.20/turn              y - ring of positive energy
MPRegen  0.09/turn              S - ring of poison resistance

@: corroded, berserk cooldown, very slightly contaminated, slowed, very slow
A: beak, talons 3, able to fly 1
a: Fly, Berserk, Trog's Hand, Brothers in Arms, Burn Spellbooks, Renounce
Religion


You were on level 11 of the Dungeon.
You worshipped Trog.
Trog was extremely pleased with you.
You were very hungry.

You visited 1 branch of the dungeon, and saw 11 of its levels.

You collected 700 gold pieces.
You spent 71 gold pieces at shops.

Inventory:

Hand Weapons
 b - a +2 antimagic morningstar (weapon)
 p - a +1 vampiric spear
 F - a cursed -2 dagger
 G - a +1 shortbow of flaming
 I - a +0 mace
 L - a +0 whip of electrocution
Missiles
 H - 82 arrows
Armour
 f - a +2 pair of gloves (worn)
 j - a +1 leather armour of positive energy
 r - a +3 ring mail of fire resistance (worn)
 w - a +0 shield (worn)
 J - a +0 plate armour
Jewellery
 y - a ring of positive energy (left hand)
 S - a ring of poison resistance (right hand)
Wands
 a - a wand of paralysis (17)
 E - a wand of polymorph (28)
Scrolls
 d - a scroll of teleportation {unknown}
 g - 9 scrolls of remove curse
 h - 3 scrolls of fog
 k - a scroll of summoning {unknown}
 l - a scroll of fear {unknown}
 z - 3 scrolls of enchant armour
 A - a scroll of amnesia
 V - 2 scrolls of immolation
 Z - 3 scrolls of enchant weapon
Potions
 e - a potion of agility
 i - 2 potions of heal wounds
 q - 3 potions of invisibility
 s - 4 potions of haste
 t - 2 potions of curing
 u - 2 potions of flight
 v - a potion of lignification
 x - a potion of brilliance
 B - a potion of might
 C - a potion of mutation {unknown}
 K - a potion of berserk rage {unknown}
 M - 2 potions of resistance
 P - 3 potions of magic
 U - a potion of cancellation {unknown}
Books
 o - a book of Flames

   Spells                             Type                      Level
   a - Flame Tongue                   Conjuration/Fire             1
   b - Throw Flame                    Conjuration/Fire             2
   c - Conjure Flame                  Conjuration/Fire             3
   d - Inner Flame                    Hexes/Fire                   3
   e - Sticky Flame                   Conjuration/Fire             4
   f - Fireball                       Conjuration/Fire             5
   Trog disapproves of the use of such an item.
 D - a book of Minor Magic

   Spells                             Type                      Level
   a - Magic Dart                     Conjuration                  1
   b - Blink                          Translocation                2
   c - Call Imp                       Summoning                    2
   d - Slow                           Hexes                        2
   e - Conjure Flame                  Conjuration/Fire             3
   f - Mephitic Cloud                 Conjuration/Poison/Air       3
   Trog disapproves of the use of such an item.
Comestibles
 c - 16 rations
 n - 3 chunks of flesh


   Skills:
 - Level 3.0 Fighting
 - Level 8.3 Maces & Flails
 - Level 2.1 Armour
 - Level 2.1 Dodging
 - Level 1.1 Stealth
 + Level 14.2 Shields


You had 10 spell levels left.
You didn't know any spells.

Dungeon Overview and Level Annotations

Branches:
Dungeon (11/15)            Temple (0/1) D:5            Lair (0/6) D:9
    Orc (0/2) D:9

Altars:
Ashenzari
Cheibriados
Gozag
Hepliaklqana
Makhleb
Nemelex Xobeh
Trog
Wu Jian
Yredelemnul

Shops:
D:5 *   D:6 [*%


Innate Abilities, Weirdness & Mutations

You have a beak for a mouth.
You have claws for feet.
You can fly.


Message History

A centaur comes into view.
You feel better. The acid dragon barely misses you. x2
You block the shadow imp's attack.
The centaur unwields an uncursed shortbow.
The centaur closely misses you.
A green ugly thing comes into view.
You closely miss the shadow imp. Your kick misses the shadow imp.
You block the centaur's attack. You block the shadow imp's attack.
You block the acid dragon's attack. The acid dragon barely misses you.
The centaur wields an uncursed shortbow.
The centaur shoots an arrow.
You block the arrow.
The shadow imp hits you but does no damage.
The acid dragon spits acid at you. The splash of acid hits you!
The acid corrodes you!
You are splashed with acid!
The acid burns!
* * * LOW HITPOINT WARNING * * *
You block the shadow imp's attack. You block the acid dragon's attack.
The acid dragon completely misses you.
The centaur shoots an arrow.
The arrow hits you!
You die...

.............#
..[....%....#
...........#
#.........[#
+..>u......#
#...........
#...........
#.5Dc.......
#c.@........
#...........
..............
................
.................
...........####..
.........### ..
#........#


You could see a green ugly thing, an acid dragon, 2 centaurs and a shadow imp.

Vanquished Creatures
  A two-headed ogre (D:10)
  Pikel (D:6)
  A hornet (D:9)
  A spriggan (D:7)
  Eustachio (D:6)
  6 yaks (D:10)
  A soldier ant (D:10)
  Duvessa (D:6)
  An orc warrior (D:9)
  4 ice beasts
  2 sky beasts
  A slave (D:6)
  A phantom (D:9)
  A black bear (D:7)
  2 centaurs
  6 ogres
  A crocodile (D:8)
  A big kobold (D:8)
  2 bullfrogs
  Dowan (D:6)
  3 scorpions
  9 killer bees
  8 howler monkeys
  A crimson imp (D:8)
  6 hounds
  2 bullfrog zombies
  A quasit (D:8)
  A jelly (D:5)
  2 orc priests
  8 orc wizards
  A bullfrog skeleton (D:6)
  A centaur skeleton (D:6)
  4 iguanas
  5 worker ants
  A killer bee zombie (D:7)
  2 human simulacra (D:9)
  A hound skeleton (D:4)
  8 gnolls
  2 worker ant zombies
  14 adders
  3 oozes
  2 adder skeletons
  An adder zombie (D:9)
  3 worms (D:2)
  3 dart slugs
  11 leopard geckos
  27 orcs
  8 bats
  5 giant cockroaches
  11 goblins
  8 hobgoblins
  7 jackals
  13 kobolds
  4 quokkas
  A ball python (D:1)
  7 frilled lizards
  A leopard gecko skeleton (D:4)
  8 rats
239 creatures vanquished.

Notes
Turn   | Place    | Note
-------+----------+-------------------------------------------
     0 | D:1      | shakethe the Tengu Berserker began the quest for the Orb.
     0 | D:1      | Reached XP level 1. HP: 14/14 MP: 2/2
    42 | D:1      | Reached XP level 2. HP: 11/19 MP: 3/3
   524 | D:1      | Reached XP level 3. HP: 23/23 MP: 4/4
   906 | D:1      | Reached ** piety under Trog
  1529 | D:2      | Found an opulent altar of Gozag.
  1529 | D:2      | Found a bloodstained altar of Trog.
  1608 | D:2      | Reached skill level 5 in Maces & Flails
  1608 | D:2      | Reached skill level 1 in Stealth
  1608 | D:2      | Reached XP level 4. HP: 23/28 MP: 5/5
  2794 | D:3      | Gained mutation: You can fly. [Tengu growth]
  2794 | D:3      | Reached XP level 5. HP: 25/32 MP: 6/6
  3067 | D:3      | Found a faded altar of an unknown god.
  3076 | D:3      | Reached *** piety under Trog
  3194 | D:3      | Reached XP level 6. HP: 32/37 MP: 7/7
  3265 | D:3      | Found a basalt altar of Yredelemnul.
  4113 | D:4      | Found a snail-covered altar of Cheibriados.
  4146 | D:4      | Reached XP level 7. HP: 41/41 MP: 8/8
  4263 | D:4      | Reached skill level 1 in Shields
  4295 | D:4      | Found a burning altar of Makhleb.
  4295 | D:4      | Noticed a balrug
  4299 | D:4      | Noticed a hellwing
  4299 | D:4      | Noticed a neqoxec
  4750 | D:4      | Reached skill level 2 in Shields
  4776 | D:5      | Entered Level 5 of the Dungeon
  4776 | D:5      | Found a staircase to the Ecumenical Temple.
  4798 | D:5      | Reached **** piety under Trog
  4798 | D:5      | Reached skill level 3 in Shields
  5084 | D:5      | Reached skill level 4 in Shields
  5086 | D:5      | HP: 2/41 [bullfrog zombie (5)]
  5463 | D:4      | Reached XP level 8. HP: 38/46 MP: 9/9
  5464 | D:4      | Reached skill level 5 in Shields
  5871 | D:5      | Reached skill level 6 in Shields
  6368 | D:5      | Reached skill level 7 in Shields
  6458 | D:5      | Found Ashrunn's Assorted Antiques.
  6471 | D:5      | Bought a sedimented brown potion for 23 gold pieces
  6754 | D:6      | Found Voghic's Antique Armour Emporium.
  6789 | D:6      | Noticed Eustachio
  6800 | D:6      | Killed Eustachio
  6800 | D:6      | Reached skill level 8 in Shields
  6912 | D:6      | Found Viusu's Assorted Antiques.
  6918 | D:6      | Bought a scroll of identify for 48 gold pieces
  7005 | D:6      | Reached XP level 9. HP: 44/50 MP: 10/10
  7035 | D:6      | Noticed Pikel
  7051 | D:6      | Killed Pikel
  7051 | D:6      | Reached skill level 9 in Shields
  7145 | D:6      | Noticed Duvessa
  7146 | D:6      | Noticed Dowan
  7161 | D:6      | Killed Duvessa
  7163 | D:6      | Killed Dowan
  7344 | D:6      | Reached skill level 10 in Shields
  7406 | D:6      | Found Zuitiasicu's Food Emporium.
  7723 | D:7      | Found a shattered altar of Ashenzari.
  7847 | D:7      | Reached ***** piety under Trog
  7909 | D:7      | Reached skill level 11 in Shields
  8070 | D:7      | Found an ornate altar of the Wu Jian Council.
  8368 | D:7      | Found a sparkling altar of Nemelex Xobeh.
  8578 | D:8      | Reached XP level 10. HP: 55/56 MP: 11/11
  8954 | D:8      | Reached skill level 12 in Shields
  9044 | D:8      | Received a gift from Trog
  9897 | D:9      | Found a staircase to the Orcish Mines.
 10198 | D:9      | Found a hazy altar of Hepliaklqana.
 10341 | D:9      | Found a staircase to the Lair.
 10871 | D:10     | Entered Level 10 of the Dungeon
 10887 | D:10     | Reached skill level 13 in Shields
 11014 | D:10     | Noticed a two-headed ogre
 11028 | D:10     | Killed a two-headed ogre
 11028 | D:10     | Reached skill level 14 in Shields
 11028 | D:10     | Reached XP level 11. HP: 60/60 MP: 4/12
 11050 | D:11     | Noticed a green ugly thing
 11051 | D:11     | Shot with an arrow by a centaur

Skill      XL: |  1  2  3  4  5  6  7  8  9 10 |
---------------+-------------------------------+-----
Maces & Flails | 4 5 7 8 |  8.3
Stealth        | 1 |  1.1
Shields        | 4 8 11 14 | 14.2
Fighting       | |  3.0
Armour         | |  2.1
Dodging        | |  2.1

Action                   |  1- 3 |  4- 6 |  7- 9 | 10-12 || total
-------------------------+-------+-------+-------+-------++-------
Melee: Mace              |    66 |    48 |   184 |       ||   298
       Kick              |    15 |    56 |    84 |    73 ||   228
       Peck              |     6 |    29 |    62 |    44 ||   141
       Flail             |       |   139 |       |       ||   139
       Whip              |       |       |   103 |    55 ||   158
       Morningstar       |       |       |       |   145 ||   145
Invok: Berserk           |       |       |     7 |     2 ||     9
       Trog's Hand       |       |       |       |     1 ||     1
 Abil: Fly               |       |     1 |       |       ||     1
  Use: Scroll            |       |     2 |     6 |    15 ||    23
       Potion            |       |     1 |       |     1 ||     2
 Stab: Sleeping          |     3 |       |       |       ||     3
  Eat: Chunk             |     1 |    10 |     8 |     1 ||    20
       Ration            |       |       |     4 |     2 ||     6
Armor: Animal skin       |    13 |     7 |       |       ||    20
       Chain mail        |       |    92 |       |       ||    92
       Leather armour    |       |     6 |       |       ||     6
       Ring mail         |       |    15 |   120 |    57 ||   192
Dodge: Dodged            |    68 |    98 |   145 |    83 ||   394
Block: Shield            |       |     7 |   176 |   137 ||   320
